 Dungeon Crawl Stone Soup version 0.30-a0-439-g9e77e4d916 (webtiles) character file.

Game seed: 14342190275064160130

16792 p00ps00p the Cleaver (level 12, 0/113 HPs)
             Began as a Hill Orc Fighter on Dec 11, 2022.
             Was an Initiate of Gozag.
             Slain by qeuew's ghost (12 damage)
             ... on level 2 of the Orcish Mines.
             The game lasted 00:23:00 (18902 turns).

p00ps00p the Cleaver (Hill Orc Fighter)            Turns: 18902, Time: 00:23:01

Health: 0/113      AC: 22    Str: 24    XL:     12   Next: 41%
Magic:  12/12      EV: 10    Int: 17    God:    Gozag
Gold:   850        SH: 13    Dex:  8    Spells: 11/11 levels left

rFire   . . .      SeeInvis +    b - +1 broad axe (vorpal)
rCold   . . .      Faith    +    d - +3 kite shield
rNeg    . . .      Spirit   .    j - +0 plate armour
rPois   .          Reflect  .    a - +3 helmet "Wumn" {+Blink rCorr Int+9 Dex-2}
rElec   .          Harm     .    o - +0 cloak
rCorr   +          Rampage  +    B - +0 pair of gloves
Will    +....                    (no boots)
Stlth   ..........               D - amulet "Xackab" {Faith Rampage SInv}
HPRegen 0.38/turn                q - +4 ring of evasion
MPRegen 0.13/turn                y - ring of willpower

@: invisible
A: no striking features
a: Renounce Religion, Evoke Blink, Potion Petition, Call Merchant, Bribe Branch


You were on level 2 of the Orcish Mines.
You worshipped Gozag.
Gozag was pleased with you.
You visited 3 branches of the dungeon, and saw 13 of its levels.

You collected 3032 gold pieces.
You spent 1584 gold pieces at shops.
You paid 598 gold pieces to Gozag.

Inventory:

Hand Weapons
 b - a +1 vorpal broad axe (weapon)
Armour
 a - the +3 helmet "Wumn" (worn) {+Blink rCorr Int+9 Dex-2}
   (You acquired it on level 4 of the Dungeon)

   Int:       It affects your intelligence (+9).
   Dex:       It affects your dexterity (-2).
   +Blink:    It lets you blink.
   rCorr:     It protects you from acid and corrosion.
 d - a +3 kite shield (worn)
 j - a +0 plate armour (worn)
 o - a +0 cloak (worn)
 B - a +0 pair of gloves (worn)
Jewellery
 q - a +4 ring of evasion (left hand)
 y - a ring of willpower (right hand)
 D - the amulet "Xackab" (around neck) {Faith Rampage SInv}
   (You bought it in a shop on level 8 of the Dungeon)

   [amulet of faith]

   It allows you to gain divine favour quickly.
   SInv:      It lets you see invisible.
   Rampage:   It bestows one free step when moving towards enemies.
Wands
 h - a wand of mindburst (25)
 m - a wand of iceblast (9)
 n - a wand of quicksilver (2)
 u - a wand of flame (12)
Scrolls
 g - 2 scrolls of magic mapping
 i - a scroll of teleportation
 A - a scroll of fog
Potions
 c - 2 potions of curing
 e - 2 potions of brilliance
 f - 3 potions of mutation
 k - a potion of berserk rage
 p - a potion of magic {unknown}
 s - 2 potions of invisibility
 w - 2 potions of flight {unknown}
 x - 2 potions of haste {unknown}
 z - a potion of cancellation {unknown}


   Skills:
 + Level 12.5 Fighting
 + Level 13.2 Axes
 + Level 11.5 Armour
 + Level 11.5 Shields


You had 11 spell levels left.
You didn't know any spells.
Your spell library contained the following spells:

 Spells                   Type           Power      Damage    Failure   Level
 Inner Flame              Hex/Fire       0%         N/A       100%        3
 Ozocubu's Armour         Ice            0%         N/A       100%        3
 Flame Wave               Conj/Fire      0%         2d4       100%        4
 Sticky Flame             Conj/Fire      0%         2d3       100%        4
 Ozocubu's Refrigeration  Ice            0%         4d7       100%        7


Dungeon Overview and Level Annotations

Branches:
Dungeon (10/15)            Temple (1/1) D:4            Lair (0/5) D:8
    Orc (2/2) D:9             Elf (0/3) Orc:2

Altars:
Ashenzari
Cheibriados
Dithmenos
Elyvilon
Fedhas
Gozag
Hepliaklqana
Kikubaaqudgha
Makhleb
Nemelex Xobeh
Okawaru
Qazlal
Ru
Sif Muna
Trog
Uskayaw
Vehumet
Wu Jian
Xom
Yredelemnul
Zin
The Shining One

Shops:
D:4 *   D:5 :   D:8 =   Orc:2 (??

Annotations:
D:10 3 runed translucent doors, kiwi3s's ghost, journeyman MiBe
Orc:2 qeuew's ghost, journeyman GrEE


Message History

You barely miss qeuew's ghost.
Qeuew's ghost is severely damaged.
Qeuew's ghost hits you but does no damage.
You hit qeuew's ghost but do no damage.
Qeuew's ghost is severely damaged.
Qeuew's ghost hits you. Qeuew's ghost burns you.
You hit qeuew's ghost but do no damage.
Qeuew's ghost is severely damaged.
Qeuew's ghost hits you! Qeuew's ghost burns you.
You hit qeuew's ghost but do no damage.
Qeuew's ghost is severely damaged.
Qeuew's ghost hits you but does no damage.
You miss qeuew's ghost.
Qeuew's ghost is severely damaged.
Qeuew's ghost points at you and mumbles some strange words.
The stone arrow hits you!!
* * * LOW HITPOINT WARNING * * *
You hit qeuew's ghost but do no damage.
Qeuew's ghost is severely damaged.
Qeuew's ghost hits you but does no damage.
You barely miss qeuew's ghost.
Qeuew's ghost is severely damaged.
Qeuew's ghost hits you!
* * * LOW HITPOINT WARNING * * *
Qeuew's ghost burns you.
* * * LOW HITPOINT WARNING * * *
You fade into invisibility!
Qeuew's ghost points at you and mumbles some strange words.
You easily resist.
You catch the helpless qeuew's ghost completely off-guard!
You hit qeuew's ghost but do no damage.
Qeuew's ghost is severely damaged.
Qeuew's ghost points at you and mumbles some strange words.
The stone arrow hits you.
* * * LOW HITPOINT WARNING * * *
You miss qeuew's ghost.
Qeuew's ghost is severely damaged.
Qeuew's ghost hits you!
You die...
Your body crumbles into a pile of gold.

## .# ### ### ..###.## )......#
### )......## #♣8♣# ### #.#.....#
#:[!# ##.## ####.#.## ####W###
##...# ##########.#.@..# #...##
##.##......## ##.## #
#......#....#######..## ##
##..........##.#.#.)).#### .##
#...................###.# ).##
##..........#.#..)####... #))##
###.#..........#.....###...
)...###.............#.#.....###..
#....###...........#.........###.


You could see qeuew's ghost (unable to see you).

Vanquished Creatures
  2 two-headed ogres
  A soul eater (Orc:2)
  2 orc high priests (Orc:2)
  An orc knight (Orc:2)
  Pikel (D:6)
  Joseph (D:7)
  Maggie (D:7)
  An ice devil (Orc:2)
  6 trolls
  Prince Ribbit (D:6)
  A wraith (D:9)
  3 yaks (D:8)
  Sigmund (D:2)
  3 wyverns
  A basilisk (D:8)
  2 steam dragons (D:8)
  4 wargs (Orc:2)
  An acid dragon (D:10)
  Duvessa (D:7)
  4 water moccasins
  6 black bears
  A sky beast (D:7)
  2 ice beasts (D:7)
  31 orc warriors
  7 ogres
  4 centaurs
  A phantom (D:6)
  7 kobold brigands
  A necrophage (D:6)
  A bullfrog (D:9)
  2 scorpions
  3 gnoll sergeants
  9 wights
  Dowan (D:7)
  6 killer bees (D:7)
  A howler monkey (D:10)
  3 hounds
  28 orc priests
  A gnoll bouda (Orc:2)
  5 iguanas
  12 orc wizards
  Terence (D:2)
  15 gnolls
  5 adders
  2 shadow imps
  2 ufetubi (D:4)
  A worm (D:2)
  2 dart slugs
  58 orcs
  4 bats
  5 endoplasms
  3 giant cockroaches
  A goblin (D:4)
  5 hobgoblins
  A quokka (D:4)
  5 ball pythons
  2 frilled lizards
  21 kobolds
  3 rats
306 creatures vanquished.

Vanquished Creatures (others)
  13 plants
13 creatures vanquished.

Grand Total: 319 creatures vanquished

Notes
Turn   | Place    | Note
-------+----------+-------------------------------------------
     0 | D:1      | p00ps00p the Hill Orc Fighter began the quest for the Orb.
     0 | D:1      | Reached XP level 1. HP: 19/19 MP: 1/1
   214 | D:1      | Reached XP level 2. HP: 27/27 MP: 2/2
   288 | D:1      | Reached skill level 3 in Axes
   290 | D:1      | Found a faded altar of an unknown god.
   707 | D:2      | Noticed Sigmund
   726 | D:2      | Killed Sigmund
   727 | D:2      | Reached skill level 4 in Axes
   727 | D:2      | Reached XP level 3. HP: 8/34 MP: 3/3
   727 | D:2      | Reached XP level 4. HP: 10/41 MP: 4/4
   727 | D:2      | Reached XP level 5. HP: 11/47 MP: 5/5
   967 | D:2      | Noticed Terence
   972 | D:2      | Killed Terence
  2250 | D:2      | Reached skill level 5 in Fighting
  2250 | D:2      | Reached XP level 6. HP: 7/56 MP: 6/6
  3929 | D:4      | Found a hazy altar of Hepliaklqana.
  4023 | D:4      | Reached skill level 5 in Axes
  4051 | D:4      | Found a staircase to the Ecumenical Temple.
  4067 | Temple   | Entered the Ecumenical Temple
  4297 | Temple   | Became a worshipper of Gozag Ym Sagoz the Greedy
  4352 | D:4      | Found Teuraj's General Store.
  4615 | D:4      | Found a glowing golden altar of the Shining One.
  4916 | D:5      | Entered Level 5 of the Dungeon
  4947 | D:5      | Reached skill level 5 in Armour
  4947 | D:5      | Reached skill level 5 in Shields
  5013 | D:5      | Found a shimmering altar of Xom.
  5286 | D:5      | Found an iron altar of Okawaru.
  5334 | D:5      | Found Bilir's Self-Improvement Boutique.
  5670 | D:6      | Noticed a black bear
  5674 | D:6      | Noticed Pikel
  5743 | D:6      | Reached XP level 7. HP: 38/62 MP: 7/7
  5996 | D:6      | Killed Pikel
  5997 | D:6      | Reached skill level 6 in Axes
  5997 | D:6      | Reached XP level 8. HP: 33/71 MP: 8/8
  6492 | D:6      | Noticed Prince Ribbit
  6500 | D:6      | Killed Prince Ribbit
  6585 | D:6      | Reached skill level 7 in Axes
  6890 | D:6      | Identified a scroll of acquirement
  6890 | D:6      | Acquired a +0 vorpal broad axe
  7136 | D:6      | Reached XP level 9. HP: 79/79 MP: 9/9
  7141 | D:6      | Found an ancient bone altar of Kikubaaqudgha.
  7365 | D:7      | Noticed Duvessa
  7367 | D:7      | Noticed Dowan
  7373 | D:7      | Killed Duvessa
  7374 | D:7      | Reached skill level 8 in Axes
  7377 | D:7      | Killed Dowan
  7451 | D:7      | Noticed Maggie
  7464 | D:7      | Killed Maggie
  7527 | D:7      | Noticed a troll
  7537 | D:7      | Killed a troll
  7984 | D:7      | Reached skill level 9 in Axes
  8031 | D:7      | Reached XP level 10. HP: 21/91 MP: 10/10
  8642 | D:4      | Bought a scroll of acquirement for 572 gold pieces
  8642 | D:4      | Acquired the +3 helmet "Wumn" {+Blink rCorr Int+9 Dex-2}
  8859 | D:7      | Noticed Joseph
  8875 | D:7      | Killed Joseph
  9318 | D:8      | Identified the +4 ring mail "Ogyitses" {rF+ rN+}
  9378 | D:8      | HP: 4/91 [poisoned by a gnoll sergeant]
 10016 | D:8      | Found a transporter.
 10119 | D:8      | Reached skill level 10 in Axes
 10354 | D:8      | Reached skill level 10 in Fighting
 10433 | D:8      | Found a staircase to the Lair.
 11295 | D:9      | Reached skill level 11 in Axes
 11338 | D:9      | Reached XP level 11. HP: 82/101 MP: 11/11
 12127 | D:9      | Reached skill level 10 in Shields
 12153 | D:9      | Noticed a two-headed ogre
 12164 | D:9      | Killed a two-headed ogre
 12165 | D:9      | Reached skill level 10 in Armour
 12551 | D:9      | Found a staircase to the Orcish Mines.
 12710 | D:10     | Entered Level 10 of the Dungeon
 12779 | Orc:1    | Entered Level 1 of the Orcish Mines
 13404 | D:10     | Found a runed translucent gate.
 13404 | D:10     | Found a runed translucent gate.
 13404 | D:10     | Found a runed translucent gate.
 13404 | D:10     | Noticed kiwi3s's ghost (journeyman MiBe)
 13481 | D:10     | Found a white marble altar of Elyvilon.
 13483 | D:10     | Found a sparkling altar of Nemelex Xobeh.
 13492 | D:10     | Noticed a two-headed ogre
 13506 | D:10     | Killed a two-headed ogre
 13896 | D:10     | Reached skill level 12 in Axes
 14793 | D:8      | Bought the amulet "Xackab" {Faith Rampage SInv} for 716
                  | gold pieces
 15143 | Orc:2    | Entered Level 2 of the Orcish Mines
 15179 | Orc:2    | Noticed an orc high priest
 15198 | Orc:2    | Killed an orc high priest
 15702 | Orc:2    | Found Oder's Magic Scroll Boutique.
 15703 | Orc:2    | Found Riddat's Magic Scroll Shop.
 15703 | Orc:2    | Noticed an orc knight
 15708 | Orc:2    | Reached XP level 12. HP: 101/112 MP: 12/12
 16231 | Orc:2    | Found Poett's Weapon Emporium.
 16257 | Orc:2    | Found a staircase to the Elven Halls.
 16877 | Orc:2    | Found a runed translucent door.
 16877 | Orc:2    | Noticed qeuew's ghost (journeyman GrEE)
 17060 | Orc:2    | Reached skill level 13 in Axes
 17643 | Orc:2    | Bought a scroll of enchant armour for 112 gold pieces
 17643 | Orc:2    | Bought a scroll of enchant armour for 112 gold pieces
 17647 | Orc:2    | Bought a scroll of teleportation for 36 gold pieces
 17647 | Orc:2    | Bought a scroll of teleportation for 36 gold pieces
 17700 | Orc:2    | Noticed a soul eater
 17716 | Orc:2    | Killed a soul eater
 17730 | Orc:2    | Noticed an orc high priest
 17739 | Orc:2    | Noticed an orc high priest
 17750 | Orc:2    | Killed an orc high priest
 17756 | Orc:2    | Noticed a sun demon
 18373 | Orc:2    | Noticed an orc high priest
 18390 | Orc:2    | Noticed a soul eater
 18902 | Orc:2    | Slain by qeuew's ghost

Illustrated notes

Levels and vault maps discovered:
D:1:      amcnicky_arrival_underground_garden, layout_basic,
          shapermc_ecumenical_altar_mp_ritualfount
D:2:      minmay_door_path, layout_basic, serial_co_window_serial,
          co_window_paths_a, co_window_paths_a, co_window_corner_a,
          co_window_paths_b, co_window_of_opportunity_a, co_window_paths_a,
          co_window_corner_a, co_window_corner_b, co_window_corner_cb,
          co_window_paths_c, co_window_broadway_b, co_window_paths_c,
          co_window_2corner, co_window_corner_b, co_window_paths_e,
          glass_columns_a, glass_columns_b, glass_columns_b, glass_columns_c,
          uniq_sigmund, uniq_terence
D:3:      layout_loops_ring
D:4:      layout_cave_pods, nicolae_hepliaklqana_hazy_memory, tso_altar,
          minmay_temple_entry_sparse_star, minmay_shop_grid_forest
D:5:      layout_basic, mainiacjoe_overflow_24_doors, kennysheep_little_box,
          nicolae_shop_self_help
D:6:      layout_basic, mainiacjoe_overflow_chevrons, uniq_prince_ribbit1,
          uniq_pikel
D:7:      layout_basic, uniq_joseph, uniq_duvessa, uniq_maggie
D:8:      layout_cave_pools, minmay_lair_entry_grove, nicolae_diode_basic
D:9:      layout_stronghold, kennysheep_orc_monster_closet_entryway,
          minmay_misc_feat_roman
D:10:     layout_loops_corners, mainiacjoe_overflow_divided_tiny,
          gammafunk_ghost_nasty_kobolds, hangedman_decor_push,
          minmay_misc_feat_cross
Temple:   regret_index_temple_generic_petals
Orc:1:    layout_caves
Orc:2:    pf_orc_diabolical, layout_caves, gammafunk_ghost_grave, serial_shops,
          nicolae_shop_waterfront

Skill      XL: |  1  2  3  4  5  6  7  8  9 10 11 12 |
---------------+-------------------------------------+-----
Axes           | 4 5 6 7 9 11 12 13 | 13.2
Fighting       | 4 5 6 7 9 10 11 12 | 12.5
Armour         | 4 5 6 8 9 10 11 | 11.5
Shields        | 4 5 6 8 9 10 11 | 11.5

Action                   |  1- 3 |  4- 6 |  7- 9 | 10-12 || total
-------------------------+-------+-------+-------+-------++-------
Melee: War axe           |    46 |   154 |    53 |       ||   253
       Broad axe         |       |       |   114 |   601 ||   715
Invok: Call Merchant     |       |       |       |     1 ||     1
Evoke: Wand              |       |       |     6 |    16 ||    22
  Use: Potion            |     1 |     1 |     3 |     5 ||    10
       Scroll            |       |     9 |     3 |    19 ||    31
 Stab: Distracted        |       |       |     1 |     2 ||     3
       Invisible         |       |       |       |     3 ||     3
Armor: Scale mail        |    15 |    46 |       |       ||    61
       Plate armour      |       |    98 |    94 |   325 ||   517
Dodge: Dodged            |    13 |   123 |    98 |   265 ||   499
Block: Buckler           |    10 |    61 |    61 |    57 ||   189
       Kite shield       |       |       |       |   274 ||   274

Table legend: (Time is in decaauts)
 A = Elapsed time spent in this place.
 B = Non-inter-level travel time spent in this place.
 C = Inter-level travel time spent in this place.
 D = Time resting spent in this place.
 E = Time spent auto-exploring this place.
 F = Levels seen in this place.
 G = Mean time per level.
                   A        B        C        D        E       F      G
               +--------+--------+--------+--------+--------+-----+--------+
         Total |  19089 |  18027 |   1062 |   6098 |   9200 |  13 | 1468.4 |
       Dungeon |  14768 |  13782 |    986 |   3892 |   8046 |  10 | 1476.8 |
        Temple |    253 |    211 |     42 |      0 |    201 |   1 |  253.0 |
  Orcish Mines |   4067 |   4034 |     33 |   2206 |    953 |   2 | 2033.5 |
               +--------+--------+--------+--------+--------+-----+--------+

Top non-repeatable levels by time:
   Orc:2: 3655 daAuts
     D:9: 2173 daAuts
     D:2: 2087 daAuts
     D:8: 2005 daAuts
     D:7: 1837 daAuts
     D:6: 1799 daAuts
    D:10: 1453 daAuts
     D:3: 1031 daAuts
     D:4: 972 daAuts
     D:5: 715 daAuts
     D:1: 692 daAuts
   Orc:1: 412 daAuts
  Temple: 253 daAuts
